 Dungeon Crawl Stone Soup version 0.32-a0-931-g5a2cda0630 (webtiles) character file.

Game seed: 1579618168613702373

2779 KennySheep the Firebug (level 9, 0/74 HPs)
             Began as a Mountain Dwarf Cinder Acolyte on Apr 13, 2024.
             Was a Priest of Ignis.
             Slain by a soul eater (10 damage)
             ... summoned by a kobold demonologist
             ... on level 7 of the Dungeon.
             The game lasted 00:29:43 (6716 turns).

KennySheep the Firebug (MDCA)                       Turns: 6716, Time: 00:29:43

Health: 0/74       AC: 25    Str: 24    XL:     9   Next: 42%
Magic:  17/17      EV:  6    Int: 17    God:    Ignis [***...]
Gold:   308        SH:  6    Dex:  5    Spells: 7/19 levels left

rFire   . . .        m - +1 whip (flame)
rCold   + . .        b - +0 kite shield
rNeg    . . .        s - +5 chain mail "Puhome" {rPois rCorr}
rPois   +            (no helmet)
rElec   .            (no cloak)
rCorr   +            j - +2 pair of gloves "Fyifijou" {Rampage *Slow Str+5}
SInv    +            (no boots)
Will    +....        (no amulet) Stlth
                     o - ring of wizardry
HPRegen 0.32/turn    F - ring "Ahadum Russ" {rC+ Will+ SInv}
MPRegen 0.15/turn

%: slow self (1%), rampage, wizardry (x1)
@: spiked, fiery-armoured, studying Unarmed Combat
A: runic magic, artefact enchanting, wild magic 1, heat vulnerability 1
a: Renounce Religion, Fiery Armour, Foxfire Swarm


You were on level 7 of the Dungeon.
You worshipped Ignis.
Ignis was most pleased with you.
You visited 1 branch of the dungeon, and saw 7 of its levels.

You collected 308 gold pieces.

Inventory:

Hand Weapons
 a - a +0 mace of flaming
 m - a +1 whip of flaming (weapon)
 u - a +2 dagger of pain
Missiles
 l - 21 poisoned darts
 r - a throwing net
Armour
 b - a +0 kite shield (worn)
 j - the +2 pair of gloves "Fyifijou" (worn) {Rampage *Slow Str+5}
   (You found it on level 3 of the Dungeon)

   Str+5:     It affects your strength (+5).
   *Slow:     It may slow you when you take damage.
   Rampage:   It bestows one free step when moving towards enemies.
 s - the +5 chain mail "Puhome" (worn) {rPois rCorr}
   (You found it on level 4 of the Dungeon)

   rPois:     It protects you from poison.
   rCorr:     It protects you from acid and corrosion.
Jewellery
 h - an amulet of guardian spirit
 n - a +6 ring of dexterity
 o - a ring of wizardry (left hand)
 D - a ring of flight
 F - the ring "Ahadum Russ" (right hand) {rC+ Will+ SInv}
   (You found it on level 7 of the Dungeon)

   [ring of willpower]

   rC+:       It protects you from cold.
   Will+:     It increases your willpower.
   SInv:      It lets you see invisible.
Wands
 i - a wand of paralysis (16)
 z - a wand of quicksilver (12)
 C - a wand of polymorph (4)
Scrolls
 d - a scroll of acquirement {unknown}
 e - 2 scrolls of enchant weapon
 v - a scroll of teleportation {unknown}
 w - 2 scrolls of enchant armour {unknown}
 y - a scroll of vulnerability
 A - 2 scrolls of silence
 E - 2 scrolls of amnesia
Potions
 c - 3 potions of curing
 f - a potion of cancellation
 g - a potion of mutation
 k - 2 potions of degeneration {unknown}
 p - 3 potions of heal wounds {unknown}
 q - 2 potions of magic {unknown}
 t - a potion of brilliance {unknown}
 x - a potion of enlightenment {unknown}
 B - 2 potions of haste {unknown}
 G - 2 potions of attraction {unknown}
 H - a potion of lignification {unknown}


   Skills:
 - Level 5.1 Fighting
 - Level 5.6 Maces & Flails
 + Level 4.9 Armour
 + Level 2.8 Shields
 * Level 5.8 Spellcasting
 * Level 5.9 Summonings
 + Level 7.1 Fire Magic


You had 7 spell levels left.
You knew the following spells:

 Your Spells              Type           Power      Damage    Failure   Level
a - Scorch                Fire           76%        2d8       2%          2
b - Summon Blazeheart Go  Fire/Summ      35%        N/A       16%         4
c - Dispel Undead         Necr           6%         3d8       87%         4
d - Blink                 Tloc           12%        N/A       32%         2

Your spell library contained the following spells:

 Spells                   Type           Power      Damage    Failure   Level
 Summon Ice Beast         Ice/Summ       19%        N/A       21%         3
 Kiss of Death            Conj/Necr      24%        2d7       22%         1
 Lesser Beckoning         Tloc           12%        N/A       32%         2
 Momentum Strike          Conj/Tloc      12%        3d8       32%         2
 Confusing Touch          Hex            6%         N/A       52%         3
 Summon Mana Viper        Hex/Summ       19%        N/A       82%         5
 Anguish                  Hex/Necr       3%         N/A       87%         4
 Cause Fear               Hex            3%         N/A       87%         4
 Olgreb's Toxic Radiance  Alch           6%         N/A       87%         4
 Enfeeble                 Hex            3%         N/A       100%        7
 Monstrous Menagerie      Summ           16%        N/A       100%        7
 Orb of Destruction       Conj           3%         9d5       100%        7
 Ozocubu's Refrigeration  Ice            3%         4d8       100%        7
 Spellforged Servitor     Conj/Summ      9%         N/A       100%        7
 Discord                  Hex            3%         N/A       100%        8


Dungeon Overview and Level Annotations

Branches:
Dungeon (7/15)             Temple (0/1) D:4

Altars:
Elyvilon
Okawaru
Vehumet
Xom


Innate Abilities, Weirdness & Mutations

Your spellcasting is much less encumbered by armour.
You can use scrolls of enchantment on lesser artefacts.
Your spells are a little harder to cast, but a little more powerful.
You are vulnerable to heat. (rF-)


Message History

The white imp hits you. The white imp freezes you. You resist.
The white imp is burned by your cloak of flames.
The white imp is lightly wounded.
You block the kobold demonologist's attack.
The red devil hits you from afar with a +0 trident.
More barbed spikes become lodged in your body.
You miss the kobold demonologist.
The kobold demonologist is heavily wounded.
You block the white imp's attack.
The kobold demonologist hits you with a +0 dagger.
The kobold demonologist is burned by your cloak of flames.
The kobold demonologist is heavily wounded.
The red devil hits you from afar with a +0 trident!
* * * LOW HITPOINT WARNING * * *
More barbed spikes become lodged in your body.
Okay, then.
Activating: Foxfire Swarm
Press: ? - help, Dir - look around, f - activate Flames leap up around you!
You block the white imp's attack.
The soul eater hits you but does no damage.
The kobold demonologist casts a cantrip, but nothing happens.
The red devil hits you from afar with a +0 trident!
* * * LOW HITPOINT WARNING * * *
More barbed spikes become lodged in your body.
You feel better.
The foxfire hits the kobold demonologist.
The kobold demonologist is heavily wounded.
The foxfire hits the white imp but does no damage.
The white imp is lightly wounded.
The foxfire hits the soul eater.
The soul eater is lightly wounded.
The foxfire hits the soul eater but does no damage.
The soul eater is lightly wounded.
The foxfire hits the kobold demonologist but does no damage.
The kobold demonologist is heavily wounded.
The foxfire hits the white imp.
The white imp is burned terribly!
The white imp is moderately wounded.
The soul eater hits you!
You die...
Ignis goes out, and joins you in death.

#.########.######
#.##.(....#......
#.##.##.##.##.###
#.##.##.#####.## #############
#.#.....# #..#
........))..#####.#..##.# #..#
######)###.....§..#..##.#####..#
#[# ##.####.3#..##........# #.#
#...§§@55........###.# #.#
######K###.####### #.# #.# #4#
#.# #.# #.# #.# #.# #.#
######.### #.# #.# #.##
....<....# ####.###.# #...
.#####...# #........# #### .#
###.# #........# ####### .#
#.####.......####.#.#.##


You could see a soul eater (summoned), a kobold demonologist, a red devil
(summoned), an iron imp (summoned) and a white imp (summoned).

Vanquished Creatures
  Pikel (D:7)
  2 kobold demonologists (D:7)
  An ice beast (D:5)
  2 ogres
  2 black bears (D:5)
  A lemure (D:7)
  A phantom (D:6)
  Blork the orc (D:6)
  2 kobold brigands
  A gnoll sergeant (D:7)
  4 scorpions
  2 howler monkeys
  5 bombardier beetles
  3 orc priests
  A jelly (D:4)
  2 iguanas
  3 orc wizards
  9 gnolls
  8 adders
  A shadow imp (D:6)
  A white imp (D:6)
  2 ufetubi (D:6)
  2 dart slugs
  9 orcs
  6 ball pythons
  8 endoplasms
  3 giant cockroaches
  5 goblins
  11 hobgoblins
  5 jackals
  12 kobolds
  3 quokkas
  7 bats
  2 frilled lizards
  4 rats
132 creatures vanquished.

Vanquished Creatures (others)
  6 foxfires (D:7)
6 creatures vanquished.

Grand Total: 138 creatures vanquished

Notes
Turn   | Place    | Note
-------+----------+-------------------------------------------
     0 | D:1      | KennySheep the Mountain Dwarf Cinder Acolyte began the
                  | quest for the Orb.
     0 | D:1      | Reached XP level 1. HP: 19/19 MP: 2/2
    95 | D:1      | Reached XP level 2. HP: 18/26 MP: 3/3
   280 | D:1      | Reached skill level 4 in Fire Magic
   385 | D:1      | Reached XP level 3. HP: 33/33 MP: 5/5
   529 | D:1      | Learned a level 2 spell: Scorch
   589 | D:1      | Found a faded altar of an unknown god.
  1498 | D:2      | Gained mutation: Your spells are a little harder to cast,
                  | but a little more powerful. [potion of mutation]
  1498 | D:2      | Gained mutation: You are vulnerable to heat. (rF-) [potion
                  | of mutation]
  1519 | D:3      | Reached XP level 4. HP: 40/40 MP: 6/6
  1574 | D:3      | Found a radiant altar of Vehumet.
  1622 | D:3      | Identified the +2 pair of gloves "Fyifijou" {Rampage *Slow
                  | Str+5}
  1854 | D:3      | Found an iron altar of Okawaru.
  2257 | D:3      | Reached XP level 5. HP: 42/47 MP: 5/8
  2409 | D:3      | Reached skill level 5 in Fire Magic
  2613 | D:3      | Reached skill level 5 in Maces & Flails
  2711 | D:3      | Found a shimmering altar of Xom.
  2914 | D:4      | Reached skill level 1 in Armour
  2914 | D:4      | Reached XP level 6. HP: 53/53 MP: 9/9
  2919 | D:4      | Identified the +5 chain mail "Puhome" {rPois rCorr}
  3069 | D:4      | Found a staircase to the Ecumenical Temple.
  3408 | D:4      | Reached skill level 5 in Fighting
  3730 | D:4      | Reached skill level 1 in Summonings
  3730 | D:4      | Reached XP level 7. HP: 61/61 MP: 11/11
  3889 | D:5      | Entered Level 5 of the Dungeon
  4114 | D:5      | Learned a level 4 spell: Summon Blazeheart Golem
  4960 | D:6      | Noticed Blork the orc
  5088 | D:6      | Reached XP level 8. HP: 68/68 MP: 12/14
  5106 | D:6      | Killed Blork the orc
  5131 | D:6      | Reached skill level 6 in Fire Magic
  5510 | D:6      | Found a white marble altar of Elyvilon.
  5672 | D:7      | Identified the ring "Ahadum Russ" {rC+ Will+ SInv}
  5744 | D:7      | Noticed a kobold demonologist
  5760 | D:7      | Noticed a sixfirhy
  5762 | D:7      | Killed a kobold demonologist
  5763 | D:7      | Reached skill level 1 in Shields
  5763 | D:7      | Reached skill level 5 in Spellcasting
  5822 | D:7      | Noticed a kobold demonologist
  5823 | D:7      | Noticed a kobold demonologist
  5824 | D:7      | Noticed a kobold demonologist
  5826 | D:7      | Noticed a sun demon
  5828 | D:7      | Noticed an orange demon
  5835 | D:7      | Killed a kobold demonologist
  5836 | D:7      | Reached skill level 5 in Summonings
  5836 | D:7      | Reached XP level 9. HP: 52/74 MP: 16/16
  5957 | D:7      | Learned a level 4 spell: Dispel Undead
  6258 | D:7      | Learned a level 2 spell: Blink
  6303 | D:7      | Noticed Pikel
  6336 | D:7      | Killed Pikel
  6337 | D:7      | Reached skill level 7 in Fire Magic
  6706 | D:7      | Noticed a red devil
  6712 | D:7      | Noticed a soul eater
  6715 | D:7      | HP: 2/74 [red devil/+0 trident[a kobold demonologist] (11)]
  6716 | D:7      | Slain by a soul eater

Illustrated notes

Levels and vault maps discovered:
D:1:      dpeg_arrival_rooms_a, layout_basic,
          hellmonk_ecumenical_altar_arch_garden
D:2:      layout_loops_ring, kennysheep_flooded_box, minmay_stone_trees_small
D:3:      layout_loops_ring, nicolae_vehumet_radiance, amcnicky_altar_gilded,
          lemuel_round_altar, grunt_ministairs_5, grunt_decor_arrowhead,
          minivault_24, minmay_misc_feat_encased
D:4:      layout_cave_pods, minmay_temple_entry_slanted, minmay_manual_maat
D:5:      layout_basic, grunt_ministairs_2
D:6:      layout_rooms, mainiacjoe_overflow_cross_hatched,
          kennysheep_generic_room_12, uniq_blork_the_orc
D:7:      layout_loops_ring, minivault_11, minmay_hedge_maze, st_stairs_8,
          corexii_leaking_fountain, minivault_10, lemuel_flame_loot_1,
          uniq_pikel

Skill      XL: |  1  2  3  4  5  6  7  8  9 |
---------------+----------------------------+-----
Maces & Flails | 4 5 |  5.6
Fire Magic     | 4 5 6 7 |  7.1
Fighting       | 4 5 |  5.1
Spellcasting   | 2 3 4 5 |  5.8
Armour         | 1 2 3 4 |  4.9
Summonings     | 1 3 5 |  5.9
Shields        | 1 2 |  2.8

Action                     |  1- 3 |  4- 6 |  7- 9 || total
---------------------------+-------+-------+-------++-------
  Melee: Mace              |   137 |   119 |   160 ||   416
         Whip              |       |       |    38 ||    38
   Cast: Scorch            |       |    21 |    38 ||    59
 Invoke: Fiery Armour      |     1 |     2 |     3 ||     6
         Rising Flame      |       |     1 |       ||     1
         Foxfire Swarm     |       |       |     1 ||     1
    Use: Scroll            |     2 |       |     5 ||     7
         Potion            |     2 |       |     1 ||     3
 Armour: Robe              |   115 |       |       ||   115
         Ring mail         |       |    59 |       ||    59
         Chain mail        |       |    41 |   264 ||   305
  Dodge: Dodged            |    87 |    64 |    68 ||   219
  Block: Kite shield       |       |       |    51 ||    51

Table legend: (Time is in decaauts)
 A = Elapsed time spent in this place.
 B = Non-inter-level travel time spent in this place.
 C = Inter-level travel time spent in this place.
 D = Time resting spent in this place.
 E = Time spent auto-exploring this place.
 F = Levels seen in this place.
 G = Mean time per level.
                   A        B        C        D        E       F      G
               +--------+--------+--------+--------+--------+-----+--------+
         Total |   6788 |   6507 |    281 |    909 |   4375 |   7 |  969.7 |
       Dungeon |   6788 |   6507 |    281 |    909 |   4375 |   7 |  969.7 |
               +--------+--------+--------+--------+--------+-----+--------+

Top non-repeatable levels by time:
     D:5: 1181 daAuts
     D:3: 1146 daAuts
     D:2: 1089 daAuts
     D:7: 1054 daAuts
     D:4: 1023 daAuts
     D:1: 676 daAuts
     D:6: 617 daAuts
